Build Orders - Match 29770903 - cohdb - Company of Heroes 3 Replays
cohdb
Replays
Latest Replays
All Replays
Popular Replays
Top Player Replays
Match Explorer
How It Works
Community
CoH3 Stats
Reddit
Sign in to upload your games and track your stats! →
Sign in with Steam
Match 29770903
Unlisted
Match 29770903
Overview
Messages
Build Orders
End
Construct Infanterie Kompanie
Grenadier Squad
Grenadier Squad
MG 42 Machine Gun Team
Selects Luftwaffe Battlegroup
Construct Panzergrenadier Kompanie
Selects Luftwaffe Pioneer Support
Grenadier Squad
251 Medium Carrier
▼△BlueSkid™△▼
赵天天001
汗流浃背德棍
Dirkradix
Herald of Salt
Mike
StCuthbert
BossManShaw
0
0
Comments
sign in to comment!
No comments posted yet!